 Dungeon Crawl Stone Soup version 0.30-a0-367-g839099abd5 (webtiles) character file.

Game seed: 9924930533903020036

2886 Elric the Conjurer (level 9, -3/63 HPs)
             Began as an Octopode Conjurer on Nov 18, 2022.
             Was an Initiate of Qazlal.
             Slain by a yak (6 damage)
             ... while petrified by a basilisk
             ... on level 8 of the Dungeon.
             The game lasted 00:22:54 (9260 turns).

Elric the Conjurer (Octopode Conjurer)              Turns: 9260, Time: 00:22:54

Health: -3/63      AC:  1    Str:  7    XL:     9   Next: 77%
Magic:  16/16      EV:  2    Int: 24    God:    Qazlal [......]
Gold:   346        SH:  0    Dex: 10    Spells: 3/18 levels left

rFire   . . .      SeeInvis .    t - staff of conjuration
rCold   . . .      Faith    .    (no shield)
rNeg    + + +      Spirit   .    (helmet restricted)
rPois   ∞          Reflect  +    s - amulet of reflection
rElec   .          Harm     .    (no ring)
rCorr   .          Rampage  .    (no ring)
Will    .....                    (no ring)
Stlth   +++.......               (no ring)
HPRegen 0.30/turn                (no ring)
MPRegen 0.15/turn                (no ring)
                                 (no ring)
                                 (no ring)

@: petrified
A: almost no armour, amphibious, 8 rings, camouflage 1, gelatinous body 1,
(nimble swimmer 1), tentacles
a: Renounce Religion


You were on level 8 of the Dungeon.
You worshipped Qazlal.
Qazlal was noncommittal.
You visited 2 branches of the dungeon, and saw 9 of its levels.

You collected 346 gold pieces.

Inventory:

Missiles
 o - 5 silver javelins
Armour
 B - a +0 tower shield
Magical Staves
 t - a staff of conjuration (weapon)
Jewellery
 s - an amulet of reflection (around mantle)
Wands
 l - a wand of quicksilver (2)
 n - a wand of flame (26)
Scrolls
 b - a scroll of enchant armour
 c - 5 scrolls of teleportation
 g - 4 scrolls of enchant weapon
 h - 2 scrolls of immolation {unknown}
 j - a scroll of poison {unknown}
 k - 3 scrolls of torment {unknown}
 m - 5 scrolls of identify
 p - 3 scrolls of amnesia {unknown}
 q - a scroll of fear {unknown}
 v - a scroll of acquirement {unknown}
 w - a scroll of fog
 x - a scroll of noise {unknown}
 y - a scroll of vulnerability {unknown}
Potions
 a - 2 potions of resistance {unknown}
 d - a potion of flight {unknown}
 e - a potion of might
 f - a potion of lignification
 i - 2 potions of attraction {unknown}
 r - 2 potions of heal wounds {unknown}
 u - 2 potions of curing {unknown}
 z - a potion of haste {unknown}
 A - a potion of brilliance {unknown}


   Skills:
 - Level 6.5 Fighting
 - Level 2.0 Dodging
 - Level 2.6 Stealth
 + Level 0.0 Shields
 - Level 5.1 Spellcasting
 - Level 7.9 Conjurations
 - Level 6.0 Hexes
 - Level 4.0 Fire Magic


You had 3 spell levels left.
You knew the following spells:

 Your Spells              Type           Power      Damage    Failure   Level
a - Magic Dart            Conj           100%       1d8       1%          1
b - Searing Ray           Conj           100%       2d8       1%          2
c - Fulminant Prism       Conj/Hex       28%        3d14      4%          4
d - Sticky Flame          Conj/Fire      51%        2d7       8%          4
e - Flame Wave            Conj/Fire      51%        2d13      8%          4

Your spell library contained the following spells:

 Spells                   Type           Power      Damage    Failure   Level
 Dazzling Flash           Conj/Hex       100%       N/A       1%          3
 Static Discharge         Conj/Air       74%        2-6/arc   2%          2
 Inner Flame              Hex/Fire       30%        N/A       3%          3
 Vhi's Electric Charge    Tloc/Air       12%        N/A       26%         3
 Iskenderun's Mystic Bla  Conj/Tloc      37%        2d9       17%         4
 Arcjolt                  Conj/Air       18%        1d28      43%         5
 Lightning Bolt           Conj/Air       18%        1d33      43%         5


Dungeon Overview and Level Annotations

Branches:
Dungeon (8/15)             Temple (1/1) D:6
   Lair: D:8-11

Altars:
Dithmenos
Fedhas
Gozag
Hepliaklqana
Kikubaaqudgha
Makhleb
Nemelex Xobeh
Qazlal
Sif Muna
Trog
Uskayaw
Vehumet
Wu Jian
Xom
Yredelemnul
Zin
The Shining One

Annotations:
D:5 Sigmund


Innate Abilities, Weirdness & Mutations

You cannot wear most types of armour.
You are amphibious.
You can wear up to eight rings at the same time.
Your skin changes colour to match your surroundings (Stealth+).
Your rubbery body absorbs attacks. (AC +1, EV +1)
((You are camouflaged when in or above water. (Stealth+)))
You have tentacles for arms and can constrict up to eight enemies at once.


Message History

What level of the Dungeon? (default 1, ? - help)
There is a stone staircase leading down here.
You climb downwards.
Found a tower shield.
There is a stone staircase leading up here.
A basilisk comes into view.
You see here a +0 tower shield.
B - a +0 tower shield You start putting on your armour.
You continue putting on your +0 tower shield. x4
You finish putting on your +0 tower shield.
The basilisk hisses angrily.
You hear a trumpeting!
An elephant comes into view.
Casting: Searing Ray (safe; 10% risk of failure)
Confirm with . or Enter, or press ? or * to list all spells.
Okay, then.
You start removing your armour.
You continue taking off your +0 tower shield.
Keep disrobing? [Y]es or [N]o only, please.
Keep disrobing?
You continue taking off your +0 tower shield. x3
You finish taking off your +0 tower shield.
The yak bellows!
The basilisk gazes at you.
You are slowing down.
Your limbs are stiffening.
You have turned to stone.
The basilisk bites you. The basilisk bites you! x2
The yak gores you! The basilisk bites you! The basilisk bites you!
The yak gores you but does no damage. The yak gores you!
The basilisk bites you!
* * * LOW HITPOINT WARNING * * *
The basilisk bites you!!
* * * LOW HITPOINT WARNING * * *
The yak gores you!
* * * LOW HITPOINT WARNING * * *
The yak gores you!
You die...

...... #.# #..P..
###.# #...lY
#...# #.... ###.#
#..Y###...#
####..#...#####.
................#
######.######..#
#@l...# ##Y##.#
...#.# ###.# # .#
.# .# ..


You could see a yak and a basilisk.

Vanquished Creatures
  Maggie (D:6)
  A kobold demonologist (D:7)
  Prince Ribbit (D:6)
  An orc warrior (D:7)
  3 black bears (D:5)
  5 kobold brigands (D:7)
  A necrophage (D:6)
  3 bullfrogs (D:7)
  A gnoll sergeant (D:5)
  A scorpion (D:4)
  4 wights
  A howler monkey (D:7)
  4 hounds
  A jelly (D:5)
  2 orc priests
  2 iguanas
  Natasha (thrice) (D:3)
  9 orc wizards
  7 adders
  9 gnolls
  A shadow imp (D:6)
  An ufetubus (D:5)
  2 worms
  2 dart slugs
  19 orcs
  7 bats
  8 endoplasms
  6 giant cockroaches
  5 hobgoblins
  8 jackals
  2 quokkas
  5 ball pythons
  3 frilled lizards
  5 goblins (D:1)
  6 kobolds
  4 rats
144 creatures vanquished.

Vanquished Creatures (others)
  27 fulminant prisms
  19 fungi (D:5)
  2 plants (D:3)
48 creatures vanquished.

Grand Total: 192 creatures vanquished

Notes
Turn   | Place    | Note
-------+----------+-------------------------------------------
     0 | D:1      | Elric the Octopode Conjurer began the quest for the Orb.
     0 | D:1      | Reached XP level 1. HP: 11/11 MP: 3/3
   312 | D:1      | Reached XP level 2. HP: 11/17 MP: 0/5
  1020 | D:1      | Reached XP level 3. HP: 21/21 MP: 2/6
  1823 | D:2      | Learned a level 2 spell: Searing Ray
  2649 | D:3      | Found a basalt altar of Yredelemnul.
  2660 | D:3      | Found a hide-covered altar of Uskayaw.
  2705 | D:3      | Reached XP level 4. HP: 27/27 MP: 4/8
  2746 | D:3      | Noticed Natasha
  2763 | D:3      | Killed Natasha
  2764 | D:3      | Reached skill level 5 in Conjurations
  3048 | D:3      | Reached XP level 5. HP: 31/31 MP: 3/10
  3197 | D:3      | Noticed Natasha
  3206 | D:3      | Killed Natasha
  3274 | D:3      | Found a sparkling altar of Nemelex Xobeh.
  3498 | D:3      | Noticed Natasha
  3503 | D:3      | Killed Natasha
  3732 | D:3      | Learned a level 4 spell: Fulminant Prism
  3743 | D:4      | Reached XP level 6. HP: 16/36 MP: 3/12
  4092 | D:4      | Learned a level 4 spell: Sticky Flame
  4433 | D:4      | Found an opulent altar of Gozag.
  4602 | D:4      | Reached skill level 6 in Conjurations
  4854 | D:4      | Found a burning altar of Makhleb.
  5231 | D:5      | Entered Level 5 of the Dungeon
  5233 | D:5      | Noticed a black bear
  5241 | D:5      | Killed a black bear
  5242 | D:5      | Reached skill level 5 in Spellcasting
  5242 | D:5      | Reached XP level 7. HP: 35/41 MP: 4/14
  5400 | D:5      | Reached skill level 1 in Hexes
  5563 | D:5      | Reached skill level 1 in Fighting
  5693 | D:5      | Found a shimmering altar of Xom.
  5763 | D:5      | Reached skill level 7 in Conjurations
  5763 | D:5      | Reached XP level 8. HP: 50/50 MP: 9/15
  6085 | D:5      | Noticed Sigmund
  6172 | D:6      | Noticed Maggie
  6188 | D:6      | Killed Maggie
  6371 | D:6      | Found a staircase to the Ecumenical Temple.
  6403 | Temple   | Entered the Ecumenical Temple
  6442 | Temple   | Became a worshipper of Qazlal Stormbringer
  6799 | D:6      | Found a bloodstained altar of Trog.
  6931 | D:6      | Noticed Prince Ribbit
  6951 | D:6      | Killed Prince Ribbit
  6952 | D:6      | Reached skill level 5 in Hexes
  7312 | D:7      | Reached XP level 9. HP: 57/58 MP: 1/16
  7641 | D:7      | Noticed a kobold demonologist
  7649 | D:7      | Reached skill level 1 in Fire Magic
  7654 | D:7      | Killed a kobold demonologist
  7666 | D:7      | Reached skill level 5 in Fighting
  8259 | D:7      | Found a hazy altar of Hepliaklqana.
  9091 | D:7      | Learned a level 4 spell: Flame Wave
  9244 | D:8      | Noticed an elephant
  9259 | D:8      | HP: 2/63 [yak (4)]
  9260 | D:8      | Slain by a yak

Illustrated notes

Levels and vault maps discovered:
D:1:      kennysheep_arrival_seaside, layout_basic, minmay_tetromino_i2
D:2:      layout_rooms
D:3:      layout_basic, nemelex_spade_bored_becter,
          mainiacjoe_overflow_catch_the_wave, uniq_natasha
D:4:      layout_basic, general_overflow_altar, lemuel_crystal_altar
D:5:      layout_basic, mainiacjoe_overflow_cross_hatched, portal_sewer_entry_b,
          uniq_sigmund
D:6:      layout_basic, overflow_temple_1_default, minmay_temple_entry_grid,
          uniq_maggie, uniq_prince_ribbit1
D:7:      minmay_flawed_box, layout_basic, worldfamousw_hep_ancestral_shrine,
          chequers_serial_rivers_large_b, minivault_27
D:8:      layout_basic, mainiacjoe_overflow_catwalk, david_lair_generic,
          nicolae_figureground_pulse
Temple:   nicolae_temple_ecumenical_triangle

Skill      XL: |  1  2  3  4  5  6  7  8  9 |
---------------+----------------------------+-----
Spellcasting   | 3 4 5 |  5.1
Conjurations   | 5 6 7 |  7.9
Hexes          | 3 5 6 |  6.0
Fighting       | 1 3 6 |  6.5
Fire Magic     | 4 |  4.0
Dodging        | |  2.0
Stealth        | |  2.6

Action                   |  1- 3 |  4- 6 |  7- 9 || total
-------------------------+-------+-------+-------++-------
Melee: Unarmed           |     5 |       |       ||     5
       Constrict         |     1 |     1 |     5 ||     7
       Tentacles         |     1 |     1 |     6 ||     8
       Staff             |       |     3 |    13 ||    16
 Cast: Magic Dart        |   100 |    86 |   104 ||   290
       Searing Ray       |       |    10 |    20 ||    30
       Fulminant Prism   |       |       |    27 ||    27
       Sticky Flame      |       |       |     1 ||     1
Evoke: Wand              |       |       |     5 ||     5
  Use: Scroll            |       |     3 |     3 ||     6
       Potion            |       |     1 |     2 ||     3
Armor: Skin              |     2 |     1 |     2 ||     5
Dodge: Dodged            |    17 |    20 |    34 ||    71
Block: Other             |       |     1 |    11 ||    12
       Reflection        |       |       |     1 ||     1

Table legend: (Time is in decaauts)
 A = Elapsed time spent in this place.
 B = Non-inter-level travel time spent in this place.
 C = Inter-level travel time spent in this place.
 D = Time resting spent in this place.
 E = Time spent auto-exploring this place.
 F = Levels seen in this place.
 G = Mean time per level.
                   A        B        C        D        E       F      G
               +--------+--------+--------+--------+--------+-----+--------+
         Total |   9275 |   8995 |    280 |   1654 |   5906 |   9 | 1030.6 |
       Dungeon |   9231 |   8981 |    250 |   1654 |   5906 |   8 | 1153.9 |
        Temple |     44 |     14 |     30 |      0 |      0 |   1 |   44.0 |
               +--------+--------+--------+--------+--------+-----+--------+

Top non-repeatable levels by time:
     D:7: 1789 daAuts
     D:1: 1755 daAuts
     D:4: 1472 daAuts
     D:6: 1286 daAuts
     D:3: 1137 daAuts
     D:2: 967 daAuts
     D:5: 788 daAuts
  Temple: 44 daAuts
     D:8: 33 daAuts
